Red Wings vs Blue Jackets

Created - January 16, 2020 at 19:19

Goals
1 2 3 T
Red Wings 0 4 2 6
Blue Jackets 3 0 1 4
Shots
1 2 3 T
Red Wings 7 16 12 35
Blue Jackets 11 7 5 23

1st period

1. Blue Jackets , Pavel Datsyuk 15 (Branislav Mezei 9, Artemi Panarin 17) at 2:32 (PP)
2. Blue Jackets , Eric Wellwood 8 (Tyler Kennedy 11, Cody Eakin 11) at 2:36
3. Blue Jackets , Derek Boogaard 9 (Mike Lundin 20, Martin Havlat 19) at 6:36

Penalties :
Karl Alzner (Det) for Cross-checking (Minor) at 1:05, Ole-Kristian Tollefsen (Det) for Interference (Minor) at 4:24, Devin Setoguchi (Clb) for Hooking (Minor) at 10:04, Adam Henrique (Det) for Holding (Minor) at 14:08

2nd period

4. Red Wings , Ole-Kristian Tollefsen 2 (Nick Bjugstad 10) at 0:34
5. Red Wings , David Krejci 5 (Chris Kelly 3) at 6:18
6. Red Wings , Maxim Lapierre 5 (Carson Mcmillan 4) at 10:32
7. Red Wings , Adam Henrique 18 (Jiri Fischer 5) at 15:38

Penalties :
Mike Comrie (Clb) for Hooking (Minor) at 3:44, Branislav Mezei (Clb) for Elbowing (Minor) at 16:46

3rd period

8. Red Wings , Adam Henrique 19 (Connor Brown 15, Mike Richards 31) at 3:30
9. Blue Jackets , Rob Scuderi 2 (Devin Setoguchi 7, Mike Lundin 21) at 5:57
10. Red Wings , Adam Henrique 20 (Mike Richards 32, Connor Brown 16) at 10:12 (PP)

Penalties :
Devin Setoguchi (Clb) for Roughing (Double Minor) at 8:56, Cam Fowler (Clb) for Tripping (Minor) at 19:51

Goalie Stats

James Reimer (Det), 19 saves from 23 shots - (0.826), W, 12-11-3, 60:00 minutes
Rick DiPietro (Clb), 29 saves from 35 shots - (0.829), L, 13-7-9, 60:00 minutes

Players Stats for Red Wings

Player Name              G  A  P  +/- PIM S  H  SB GA TA FO     MP     PP MP  PK MP  
------------------------------------------------------------------------------------
Adam Henrique            3  0  3   1  2   4  2  0  2  0  2/4    19:54   5:20   0:00 
Alex Picard              0  0  0   0  0   3  4  0  1  2  0/0    18:38   3:55   0:04 
Anton Volchenkov         0  0  0   2  0   1  0  1  0  1  0/0    13:54   0:00   2:26 
Carson Mcmillan          0  1  1   0  0   2  0  0  0  0  0/0     9:20   0:00   2:52 
Chris Kelly              0  1  1   1  0   3  1  0  0  0  4/4    11:47   0:00   2:29 
Connor Brown             0  2  2   1  0   4  1  0  0  0  0/2    19:51   5:20   0:00 
David Krejci             1  0  1   1  0   2  3  0  1  0  2/3    10:02   0:05   0:00 
Jiri Fischer             0  1  1   1  0   0  3  2  1  1  0/0    18:15   3:12   3:03 
Karl Alzner              0  0  0   1  2   3  3  0  1  2  0/0    23:10   3:12   1:19 
Maxim Lapierre           1  0  1   1  0   3  0  1  1  0  2/2     8:44   0:00   2:29 
Michael Haley            0  0  0   0  0   1  0  0  0  0  1/2     9:44   0:05   2:52 
Mike Richards            0  2  2   1  0   1  1  0  1  0  10/22  19:28   5:20   0:00 
Nick Bjugstad            0  1  1   0  0   1  3  0  0  0  15/26  18:33   3:55   0:00 
Ole-Kristian Tollefsen   1  0  1   0  2   2  2  1  2  0  0/0    25:05   6:08   1:03 
Petr Pohl                0  0  0   1  0   0  2  0  0  0  0/0     9:42   0:05   0:00 
Philip Samuelsson        0  0  0   0  0   1  1  0  2  3  0/0    21:02   6:08   0:00 
Ryan O'Byrne             0  0  0  -1  0   1  0  3  0  1  0/0    18:50   0:00   3:03 
Tomas Kopecky            0  0  0   0  0   3  2  0  0  0  0/1    18:33   3:55   0:00 

Players Stats for Blue Jackets

Player Name              G  A  P  +/- PIM S  H  SB GA TA FO     MP     PP MP  PK MP  
------------------------------------------------------------------------------------
A.J Thelen               0  0  0  -1  0   0  0  0  0  0  0/0    12:28   0:00   0:51 
Andreas Nodl             0  0  0  -1  0   2  2  1  0  0  0/1    11:09   0:00   1:57 
Artemi Panarin           0  1  1  -1  0   3  1  1  1  2  7/14   23:57   3:05   5:41 
Branislav Mezei          0  1  1   0  2   0  3  1  0  2  0/0    21:02   2:31   3:07 
Cam Fowler               0  0  0  -1  2   2  1  1  1  2  0/0    27:14   2:54   5:22 
Cody Eakin               0  1  1   1  0   1  0  0  0  0  3/3     7:06   0:00   0:46 
Dalton Prout             0  0  0  -1  0   0  2  1  0  0  0/0    11:37   0:00   0:00 
Derek Boogaard           1  0  1   0  0   3  2  0  0  0  0/0    17:08   2:20   5:35 
Devin Setoguchi          0  1  1  -2  6   0  1  0  1  0  0/0    18:50   3:05   1:00 
Eric Wellwood            1  0  1   1  0   1  1  0  0  0  0/0     7:38   0:00   1:18 
Martin Havlat            0  1  1   0  0   0  3  0  1  1  0/1    20:48   2:20   2:23 
Max Pacioretty           0  0  0  -2  0   2  5  0  2  0  0/0    13:46   0:00   0:00 
Mike Comrie              0  0  0  -1  2   1  0  0  1  0  1/4     9:12   0:00   0:00 
Mike Lundin              0  2  2  -1  0   0  0  0  1  2  0/0    27:23   2:54   5:30 
Pavel Datsyuk            1  0  1  -1  0   4  0  0  2  0  12/25  17:55   3:05   0:00 
Peter Mueller            0  0  0  -1  0   3  1  1  0  0  7/17   16:06   2:20   0:00 
Rob Scuderi              1  0  1   0  0   1  0  0  0  3  0/0    21:00   2:31   3:50 
Tyler Kennedy            0  1  1   1  0   0  0  0  0  0  0/1     6:16   0:00   0:00 

3 Stars

1 - Adam Henrique (Det)
2 - David Krejci (Det)
3 - Mike Richards (Det)

Power Play

Red Wings - 1 on 6 Attempt(s) - 16.67%
Blue Jackets - 1 on 3 Attempt(s) - 33.33%

Penalty Kill

Red Wings - 2 on 3 Attempt(s) - 66.67% - Score 0 goal in Penalty Kill
Blue Jackets - 5 on 6 Attempt(s) - 83.33% - Score 0 goal in Penalty Kill

Team Stat

Red Wings - Hits : 28 - Faceoff Wins : 36 - Blocked Shots : 8 - Penalty Minutes : 6
Blue Jackets - Hits : 22 - Faceoff Wins : 30 - Blocked Shots : 6 - Penalty Minutes : 12

Official

Referees : Unknown
Linesman : Unknown

Game Notes

Adam Henrique has scored a Hat Trick!

Finance

Level 1 -- Attendance: 4425 (73.75%) -- Ticket Income $508,875
Level 2 -- Attendance: 3822 (76.44%) -- Ticket Income $286,650
Level 3 -- Attendance: 1575 (78.75%) -- Ticket Income $70,875
Level 4 -- Attendance: 3777 (94.43%) -- Ticket Income $113,310
Luxury Box -- Attendance: 652 (65.20%) -- Ticket Income $140,180
Game was played at the Ohio State Arena.
Total Attendance: 14251 (79.17%)
Total Ticket Income: $1,119,890
Other Income: $167,984
Total Income: $1,287,874

Red Wings

5 vs 5 Forward 
   Center                   Left Wing                Right Wing               Time % Phy DF OF 
 1 Mike Richards            Adam Henrique            Connor Brown             38     0   2  3  
 2 Nick Bjugstad            Alex Picard              Tomas Kopecky            37     0   2  3  
 3 David Krejci             Chris Kelly              Petr Pohl                15     0   3  2  
 4 Maxim Lapierre           Michael Haley            Carson Mcmillan          10     1   2  2  

5 vs 5 Defense 
   Defense                  Defense                                           Time % Phy DF OF 
 1 Ryan O'Byrne             Philip Samuelsson                                 35     0   3  2  
 2 Ole-Kristian Tollefsen   Karl Alzner                                       35     0   3  2  
 3 Jiri Fischer             Anton Volchenkov                                  20     0   3  2  
 4 Jiri Fischer             Anton Volchenkov                                  10     0   3  2  

PowerPlay Forward 
   Center                   Left Wing                Right Wing               Time % Phy DF OF 
 1 Mike Richards            Adam Henrique            Connor Brown             55     0   1  4  
 2 Nick Bjugstad            Alex Picard              Tomas Kopecky            45     0   1  4  

PowerPlay Defense
   Defense                  Defense                                           Time % Phy DF OF 
 1 Philip Samuelsson        Ole-Kristian Tollefsen                            60     0   2  3  
 2 Jiri Fischer             Karl Alzner                                       40     0   2  3  

Penalty Kill 4 Players Forward 
   Center                   Wing                     Time % Phy DF OF 
 1 Michael Haley            Carson Mcmillan          50     1   2  2  
 2 Chris Kelly              Maxim Lapierre           50     1   2  2  

Penalty Kill 4 Players Defense
   Defense                  Defense                  Time % Phy DF OF 
 1 Ryan O'Byrne             Jiri Fischer             50     1   2  2  
 2 Ole-Kristian Tollefsen   Anton Volchenkov         50     1   2  2  

Penalty Kill - 3 Players Forward 
   Forward                                           Time % Phy DF OF 
 1 Carson Mcmillan                                   60     1   2  2  
 2 Michael Haley                                     40     1   2  2  

Penalty Kill - 3 Players Defense
   Defense                  Defense                  Time % Phy DF OF 
 1 Ryan O'Byrne             Jiri Fischer             50     1   2  2  
 2 Philip Samuelsson        Anton Volchenkov         50     1   2  2  

4 vs 4 Forward 
   Center                   Wing                     Time % Phy DF OF 
 1 Mike Richards            Adam Henrique            60     1   2  2  
 2 Nick Bjugstad            Connor Brown             40     1   2  2  

4 vs 4 Defense
   Defense                  Defense                  Time % Phy DF OF 
 1 Ryan O'Byrne             Karl Alzner              60     1   2  2  
 2 Ole-Kristian Tollefsen   Philip Samuelsson        40     1   2  2  

Last Minutes Offensive
   Center                   Left Wing                Right Wing               Defense                  Defense                  
   Mike Richards            Adam Henrique            Connor Brown             Ole-Kristian Tollefsen   Philip Samuelsson        

Last Minutes Defensive
   Center                   Left Wing                Right Wing               Defense                  Defense                  
   Chris Kelly              Michael Haley            Carson Mcmillan          Anton Volchenkov         Ryan O'Byrne             

Goaltenders
Starting : James Reimer             
Backup : Josh Harding             

Extra Forwards
Normal : Adam Henrique, Connor Brown, David Krejci - PP : David Krejci, Alex Picard - PK : Alex Picard
Extra Defensemen
Normal : Philip Samuelsson, Ole-Kristian Tollefsen, Karl Alzner - PP : Ryan O'Byrne - PK : Ole-Kristian Tollefsen, Karl Alzner
Penalty Shots
Mike Richards, Carson Mcmillan, Maxim Lapierre, Nick Bjugstad, Alex Picard

Scratches
Andrew Alberts (Healthy), Peter Worrell (Healthy), Riley Armstrong (Healthy)

Blue Jackets

5 vs 5 Forward 
   Center                   Left Wing                Right Wing               Time % Phy DF OF 
 1 Pavel Datsyuk            Artemi Panarin           Martin Havlat            40     1   2  2  
 2 Peter Mueller            Max Pacioretty           Devin Setoguchi          30     1   2  2  
 3 Mike Comrie              Derek Boogaard           Andreas Nodl             20     1   2  2  
 4 Cody Eakin               Eric Wellwood            Tyler Kennedy            10     1   2  2  

5 vs 5 Defense 
   Defense                  Defense                                           Time % Phy DF OF 
 1 Mike Lundin              Cam Fowler                                        40     1   2  2  
 2 Branislav Mezei          Rob Scuderi                                       30     1   2  2  
 3 Dalton Prout             A.J Thelen                                        20     1   2  2  
 4 Mike Lundin              Cam Fowler                                        10     1   2  2  

PowerPlay Forward 
   Center                   Left Wing                Right Wing               Time % Phy DF OF 
 1 Pavel Datsyuk            Artemi Panarin           Devin Setoguchi          60     1   2  2  
 2 Peter Mueller            Derek Boogaard           Martin Havlat            40     1   2  2  

PowerPlay Defense
   Defense                  Defense                                           Time % Phy DF OF 
 1 Mike Lundin              Cam Fowler                                        60     1   2  2  
 2 Branislav Mezei          Rob Scuderi                                       40     1   2  2  

Penalty Kill 4 Players Forward 
   Center                   Wing                     Time % Phy DF OF 
 1 Artemi Panarin           Derek Boogaard           60     1   2  2  
 2 Devin Setoguchi          Martin Havlat            40     1   2  2  

Penalty Kill 4 Players Defense
   Defense                  Defense                  Time % Phy DF OF 
 1 Mike Lundin              Cam Fowler               60     1   2  2  
 2 Branislav Mezei          Rob Scuderi              40     1   2  2  

Penalty Kill - 3 Players Forward 
   Forward                                           Time % Phy DF OF 
 1 Artemi Panarin                                    60     1   2  2  
 2 Derek Boogaard                                    40     1   2  2  

Penalty Kill - 3 Players Defense
   Defense                  Defense                  Time % Phy DF OF 
 1 Mike Lundin              Cam Fowler               60     1   2  2  
 2 Branislav Mezei          Rob Scuderi              40     1   2  2  

4 vs 4 Forward 
   Center                   Wing                     Time % Phy DF OF 
 1 Artemi Panarin           Derek Boogaard           60     1   2  2  
 2 Devin Setoguchi          Martin Havlat            40     1   2  2  

4 vs 4 Defense
   Defense                  Defense                  Time % Phy DF OF 
 1 Mike Lundin              Cam Fowler               60     1   2  2  
 2 Branislav Mezei          Rob Scuderi              40     1   2  2  

Last Minutes Offensive
   Center                   Left Wing                Right Wing               Defense                  Defense                  
   Pavel Datsyuk            Artemi Panarin           Devin Setoguchi          Mike Lundin              Cam Fowler               

Last Minutes Defensive
   Center                   Left Wing                Right Wing               Defense                  Defense                  
   Pavel Datsyuk            Artemi Panarin           Devin Setoguchi          Mike Lundin              Cam Fowler               

Goaltenders
Starting : Rick DiPietro            
Backup : Andrei Vasilevskiy       

Extra Forwards
Normal : Max Pacioretty, Mike Comrie, Andreas Nodl - PP : Max Pacioretty, Mike Comrie - PK : Andreas Nodl
Extra Defensemen
Normal : Dalton Prout, A.J Thelen, Branislav Mezei - PP : Dalton Prout - PK : A.J Thelen, Branislav Mezei
Penalty Shots
Artemi Panarin, Derek Boogaard, Devin Setoguchi, Martin Havlat, Pavel Datsyuk

Scratches
None


% Time on Ice - Red Wings

Lines # - Real PCT - Wanted PCT - Time Play
Normal Forward
1 - 32% - 38% - 14:40
2 - 33% - 37% - 15:05
3 - 20% - 15% - 9:15
4 - 14% - 10% - 6:15
Normal Defense
1 - 37% - 35% - 16:44
2 - 38% - 35% - 17:04
3 - 19% - 20% - 8:43
4 - 6% - 10% - 2:44
PP Forward
1 - 58% - 55% - 5:25
2 - 42% - 45% - 3:55
PP Defense
1 - 66% - 60% - 6:08
2 - 34% - 40% - 3:12
PK Forward
1 - 53% - 50% - 2:52
2 - 47% - 50% - 2:33
PK Defense
1 - 56% - 50% - 3:03
2 - 44% - 50% - 2:22
PK3 Forward
1 - 0% - 60%
2 - 0% - 40%
PK3 Defense
1 - 0% - 50%
2 - 0% - 50%
44 Forward
1 - 0% - 60%
2 - 0% - 40%
44 Defense
1 - 0% - 60%
2 - 0% - 40%
Last Minute Offensive  - 0:00
Last Minute Defensive  - 0:00
Total
Forward - 60:00
Defense - 60:00

% Time on Ice - Blue Jackets

Lines # - Real PCT - Wanted PCT - Time Play
Normal Forward
1 - 34% - 40% - 15:15
2 - 33% - 30% - 14:52
3 - 20% - 20% - 8:52
4 - 14% - 10% - 6:16
Normal Defense
1 - 40% - 40% - 17:56
2 - 32% - 30% - 14:39
3 - 26% - 20% - 11:37
4 - 2% - 10% - 1:03
PP Forward
1 - 57% - 60% - 3:05
2 - 43% - 40% - 2:20
PP Defense
1 - 54% - 60% - 2:54
2 - 46% - 40% - 2:31
PK Forward
1 - 74% - 60% - 6:57
2 - 26% - 40% - 2:23
PK Defense
1 - 59% - 60% - 5:30
2 - 41% - 40% - 3:50
PK3 Forward
1 - 0% - 60%
2 - 0% - 40%
PK3 Defense
1 - 0% - 60%
2 - 0% - 40%
44 Forward
1 - 0% - 60%
2 - 0% - 40%
44 Defense
1 - 0% - 60%
2 - 0% - 40%
Last Minute Offensive  - 0:00
Last Minute Defensive  - 0:00
Total
Forward - 60:00
Defense - 60:00

Play-by-Play

1st period


0:01 of 1st period - Pavel Datsyuk wins face-off versus Mike Richards in neutral zone.
0:26 of 1st period - Cam Fowler is hit by Tomas Kopecky and loses puck.
0:57 of 1st period - Wrist shot by Derek Boogaard.
0:57 of 1st period - Stopped by James Reimer with a rebound.
1:05 of 1st period - Minor Penalty to Karl Alzner for Cross-checking.
1:06 of 1st period - Pavel Datsyuk wins face-off versus Michael Haley in Red Wings zone.
1:40 of 1st period - Snap shot by Pavel Datsyuk.
1:40 of 1st period - Stopped by James Reimer with a rebound.
1:42 of 1st period - Snap shot by Rob Scuderi.
1:42 of 1st period - Shot Blocked by Ryan O'Byrne.
1:44 of 1st period - Slapshot by Rob Scuderi.
1:44 of 1st period - Shot Misses the Net.
1:46 of 1st period - Snap shot by Devin Setoguchi.
1:46 of 1st period - Shot Misses the Net.
1:56 of 1st period - Pavel Datsyuk is hit by Jiri Fischer and loses puck.
2:28 of 1st period - Backhand shot by Artemi Panarin.
2:28 of 1st period - Stopped by James Reimer with a rebound.
2:30 of 1st period - Wrist shot by Artemi Panarin.
2:30 of 1st period - Shot Blocked by Jiri Fischer.
2:32 of 1st period - Slapshot by Branislav Mezei.
2:32 of 1st period - Deflect By Pavel Datsyuk.
2:32 of 1st period - Goal by Pavel Datsyuk - Red Wings : 0 - Blue Jackets : 1.
2:33 of 1st period - Cody Eakin wins face-off versus Tomas Kopecky in neutral zone.
2:36 of 1st period - Snap shot by Eric Wellwood.
2:36 of 1st period - Goal by Eric Wellwood - Red Wings : 0 - Blue Jackets : 2.
2:37 of 1st period - Mike Comrie wins face-off versus Connor Brown in neutral zone.
3:05 of 1st period - Snap shot by Max Pacioretty.
3:05 of 1st period - Stopped by James Reimer with a rebound.
3:32 of 1st period - Icing by Max Pacioretty.
3:33 of 1st period - Peter Mueller wins face-off versus David Krejci in Blue Jackets zone.
3:33 of 1st period - Peter Mueller is hit by Chris Kelly.
3:42 of 1st period - Off-side.
3:43 of 1st period - Mike Richards wins face-off versus Pavel Datsyuk in neutral zone.
3:46 of 1st period - Branislav Mezei is hit by Adam Henrique and loses puck.
3:59 of 1st period - Slapshot by Mike Richards.
3:59 of 1st period - Stopped by Rick DiPietro with a rebound.
4:24 of 1st period - Minor Penalty to Ole-Kristian Tollefsen for Interference.
4:25 of 1st period - Chris Kelly wins face-off versus Peter Mueller in Red Wings zone.
4:25 of 1st period - Chris Kelly is hit by Cam Fowler.
4:34 of 1st period - Slapshot by Cam Fowler.
4:34 of 1st period - Stopped by James Reimer without a rebound.
4:35 of 1st period - Chris Kelly wins face-off versus Peter Mueller in Red Wings zone.
5:06 of 1st period - Slapshot by Derek Boogaard.
5:06 of 1st period - Stopped by James Reimer without a rebound.
5:07 of 1st period - Michael Haley wins face-off versus Pavel Datsyuk in Red Wings zone.
5:28 of 1st period - Icing by Pavel Datsyuk.
5:29 of 1st period - Chris Kelly wins face-off versus Pavel Datsyuk in Blue Jackets zone.
6:24 of 1st period - Penalty to Ole-Kristian Tollefsen is over, Ole-Kristian Tollefsen is back on ice.
6:32 of 1st period - Snap shot by Derek Boogaard.
6:32 of 1st period - Shot Blocked by Ryan O'Byrne.
6:34 of 1st period - Slapshot by Mike Lundin.
6:34 of 1st period - Shot Misses the Net.
6:36 of 1st period - Slapshot by Derek Boogaard.
6:36 of 1st period - Goal by Derek Boogaard - Red Wings : 0 - Blue Jackets : 3.
6:37 of 1st period - Cody Eakin wins face-off versus Nick Bjugstad in neutral zone.
7:05 of 1st period - Off-side.
7:06 of 1st period - Mike Richards wins face-off versus Pavel Datsyuk in neutral zone.
7:33 of 1st period - Pavel Datsyuk is hit by Ole-Kristian Tollefsen and loses puck.
7:38 of 1st period - Slapshot by Karl Alzner.
7:38 of 1st period - Shot Blocked by Artemi Panarin.
7:40 of 1st period - Snap shot by Maxim Lapierre.
7:40 of 1st period - Deflect By Michael Haley.
7:40 of 1st period - Stopped by Rick DiPietro without a rebound.
7:41 of 1st period - Peter Mueller wins face-off versus Nick Bjugstad in Blue Jackets zone.
7:46 of 1st period - Ryan O'Byrne is hit by Max Pacioretty and loses puck.
8:28 of 1st period - Snap shot by Artemi Panarin.
8:28 of 1st period - Stopped by James Reimer without a rebound.
8:29 of 1st period - Maxim Lapierre wins face-off versus Pavel Datsyuk in Red Wings zone.
9:04 of 1st period - Carson Mcmillan is hit by Martin Havlat and loses puck.
9:19 of 1st period - Wrist shot by Maxim Lapierre.
9:19 of 1st period - Stopped by Rick DiPietro without a rebound.
9:20 of 1st period - Nick Bjugstad wins face-off versus Peter Mueller in Blue Jackets zone.
9:25 of 1st period - Wrist shot by Tomas Kopecky.
9:25 of 1st period - Shot Misses the Net.
9:27 of 1st period - Wrist shot by Karl Alzner.
9:27 of 1st period - Stopped by Rick DiPietro without a rebound.
9:28 of 1st period - Nick Bjugstad wins face-off versus Peter Mueller in Blue Jackets zone.
10:04 of 1st period - Minor Penalty to Devin Setoguchi for Hooking.
10:05 of 1st period - Artemi Panarin wins face-off versus Mike Richards in Blue Jackets zone.
10:56 of 1st period - Karl Alzner is hit by Andreas Nodl and loses puck.
11:17 of 1st period - Cam Fowler is hit by Nick Bjugstad and loses puck.
11:54 of 1st period - Mike Lundin is hit by Philip Samuelsson and loses puck.
12:04 of 1st period - Penalty to Devin Setoguchi is over, Devin Setoguchi is back on ice.
12:31 of 1st period - Michael Haley is hit by Eric Wellwood and loses puck.
13:54 of 1st period - Slapshot by Karl Alzner.
13:54 of 1st period - Stopped by Rick DiPietro without a rebound.
13:55 of 1st period - Peter Mueller wins face-off versus Mike Richards in Blue Jackets zone.
13:57 of 1st period - Icing by Devin Setoguchi.
13:58 of 1st period - Peter Mueller wins face-off versus Mike Richards in Blue Jackets zone.
14:00 of 1st period - Icing by Max Pacioretty.
14:01 of 1st period - Peter Mueller wins face-off versus Mike Richards in Blue Jackets zone.
14:01 of 1st period - Peter Mueller is hit by Jiri Fischer.
14:08 of 1st period - Minor Penalty to Adam Henrique for Holding.
14:09 of 1st period - Chris Kelly wins face-off versus Pavel Datsyuk in Red Wings zone.
14:23 of 1st period - Snap shot by Carson Mcmillan.
14:23 of 1st period - Stopped by Rick DiPietro with a rebound.
14:35 of 1st period - Ole-Kristian Tollefsen is hit by Martin Havlat and loses puck.
14:40 of 1st period - Snap shot by Derek Boogaard.
14:40 of 1st period - Shot Misses the Net.
14:42 of 1st period - Wrist shot by Peter Mueller.
14:42 of 1st period - Stopped by James Reimer with a rebound.
15:58 of 1st period - Carson Mcmillan is hit by Derek Boogaard and loses puck.
16:08 of 1st period - Penalty to Adam Henrique is over, Adam Henrique is back on ice.
16:43 of 1st period - Snap shot by Tomas Kopecky.
16:43 of 1st period - Stopped by Rick DiPietro without a rebound.
16:44 of 1st period - Cody Eakin wins face-off versus Nick Bjugstad in Blue Jackets zone.
18:29 of 1st period - Off-side.
18:30 of 1st period - Mike Richards wins face-off versus Pavel Datsyuk in neutral zone.
19:25 of 1st period - Slapshot by Karl Alzner.
19:25 of 1st period - Shot Blocked by Branislav Mezei.
19:37 of 1st period - Rob Scuderi is hit by David Krejci and loses puck.
Goals for this period are 0 for Red Wings vs 3 for Blue Jackets.
Shots for this period are 7 for Red Wings vs 11 for Blue Jackets.

2nd period


0:01 of 2nd period - Pavel Datsyuk wins face-off versus Nick Bjugstad in neutral zone.
0:12 of 2nd period - Slapshot by Ole-Kristian Tollefsen.
0:12 of 2nd period - Stopped by Rick DiPietro without a rebound.
0:13 of 2nd period - Pavel Datsyuk wins face-off versus Adam Henrique in Blue Jackets zone.
0:28 of 2nd period - Snap shot by Pavel Datsyuk.
0:28 of 2nd period - Stopped by James Reimer without a rebound.
0:29 of 2nd period - Nick Bjugstad wins face-off versus Peter Mueller in Red Wings zone.
0:34 of 2nd period - Snap shot by Ole-Kristian Tollefsen.
0:34 of 2nd period - Goal by Ole-Kristian Tollefsen - Red Wings : 1 - Blue Jackets : 3.
0:35 of 2nd period - Nick Bjugstad wins face-off versus Pavel Datsyuk in neutral zone.
0:48 of 2nd period - Ole-Kristian Tollefsen is hit by Martin Havlat and loses puck.
2:05 of 2nd period - Snap shot by Pavel Datsyuk.
2:05 of 2nd period - Shot Misses the Net.
2:07 of 2nd period - Wrist shot by Pavel Datsyuk.
2:07 of 2nd period - Stopped by James Reimer without a rebound.
2:08 of 2nd period - Nick Bjugstad wins face-off versus Peter Mueller in Red Wings zone.
2:33 of 2nd period - Chris Kelly is hit by Branislav Mezei and loses puck.
3:00 of 2nd period - Ryan O'Byrne is hit by Dalton Prout and loses puck.
3:19 of 2nd period - Slapshot by Alex Picard.
3:19 of 2nd period - Deflect By Nick Bjugstad.
3:19 of 2nd period - Shot Misses the Net.
3:19 of 2nd period - Puck is out of play.
3:20 of 2nd period - Nick Bjugstad wins face-off versus Mike Comrie in Blue Jackets zone.
3:21 of 2nd period - Wrist shot by Alex Picard.
3:21 of 2nd period - Stopped by Rick DiPietro without a rebound.
3:22 of 2nd period - Nick Bjugstad wins face-off versus Andreas Nodl in Blue Jackets zone.
3:23 of 2nd period - Slapshot by Alex Picard.
3:23 of 2nd period - Stopped by Rick DiPietro without a rebound.
3:24 of 2nd period - Mike Richards wins face-off versus Mike Comrie in Blue Jackets zone.
3:44 of 2nd period - Minor Penalty to Mike Comrie for Hooking.
3:45 of 2nd period - Artemi Panarin wins face-off versus Connor Brown in Blue Jackets zone.
4:21 of 2nd period - Martin Havlat is hit by Alex Picard and loses puck.
5:03 of 2nd period - Adam Henrique is hit by Branislav Mezei and loses puck.
5:44 of 2nd period - Penalty to Mike Comrie is over, Mike Comrie is back on ice.
5:46 of 2nd period - Philip Samuelsson is hit by Artemi Panarin and loses puck.
5:57 of 2nd period - Artemi Panarin is hit by Alex Picard and loses puck.
6:04 of 2nd period - Snap shot by Artemi Panarin.
6:04 of 2nd period - Stopped by James Reimer without a rebound.
6:05 of 2nd period - David Krejci wins face-off versus Peter Mueller in Red Wings zone.
6:18 of 2nd period - Snap shot by David Krejci.
6:18 of 2nd period - Goal by David Krejci - Red Wings : 2 - Blue Jackets : 3.
6:19 of 2nd period - Peter Mueller wins face-off versus Mike Richards in neutral zone.
6:22 of 2nd period - Snap shot by Cam Fowler.
6:22 of 2nd period - Shot Blocked by Jiri Fischer.
6:24 of 2nd period - Snap shot by Cam Fowler.
6:24 of 2nd period - Shot Misses the Net.
6:34 of 2nd period - Slapshot by Peter Mueller.
6:34 of 2nd period - Deflect By Adam Henrique.
6:34 of 2nd period - Stopped by James Reimer with a rebound.
6:36 of 2nd period - Slapshot by Cam Fowler.
6:36 of 2nd period - Stopped by James Reimer without a rebound.
6:37 of 2nd period - Pavel Datsyuk wins face-off versus Nick Bjugstad in Red Wings zone.
7:04 of 2nd period - Rob Scuderi is hit by Karl Alzner and loses puck.
7:13 of 2nd period - Slapshot by Adam Henrique.
7:13 of 2nd period - Shot Blocked by Peter Mueller.
7:15 of 2nd period - Slapshot by Ryan O'Byrne.
7:15 of 2nd period - Stopped by Rick DiPietro without a rebound.
7:16 of 2nd period - Pavel Datsyuk wins face-off versus Nick Bjugstad in Blue Jackets zone.
7:39 of 2nd period - Icing by Nick Bjugstad.
7:40 of 2nd period - Mike Richards wins face-off versus Peter Mueller in Red Wings zone.
8:09 of 2nd period - Snap shot by Derek Boogaard.
8:09 of 2nd period - Deflect By Andreas Nodl.
8:09 of 2nd period - Stopped by James Reimer with a rebound.
9:10 of 2nd period - Petr Pohl is hit by Max Pacioretty and loses puck.
9:19 of 2nd period - Wrist shot by Chris Kelly.
9:19 of 2nd period - Stopped by Rick DiPietro without a rebound.
9:20 of 2nd period - Pavel Datsyuk wins face-off versus Nick Bjugstad in Blue Jackets zone.
9:20 of 2nd period - Pavel Datsyuk is hit by Tomas Kopecky.
9:26 of 2nd period - Slapshot by Nick Bjugstad.
9:26 of 2nd period - Shot Misses the Net.
9:28 of 2nd period - Snap shot by Nick Bjugstad.
9:28 of 2nd period - Shot Misses the Net.
9:30 of 2nd period - Slapshot by Anton Volchenkov.
9:30 of 2nd period - Stopped by Rick DiPietro with a rebound.
9:32 of 2nd period - Snap shot by Nick Bjugstad.
9:32 of 2nd period - Stopped by Rick DiPietro without a rebound.
9:33 of 2nd period - Nick Bjugstad wins face-off versus Artemi Panarin in Blue Jackets zone.
9:36 of 2nd period - Wrist shot by Alex Picard.
9:36 of 2nd period - Shot Misses the Net.
10:01 of 2nd period - Cam Fowler is hit by Petr Pohl and loses puck.
10:26 of 2nd period - Snap shot by Maxim Lapierre.
10:26 of 2nd period - Stopped by Rick DiPietro without a rebound.
10:27 of 2nd period - Maxim Lapierre wins face-off versus Pavel Datsyuk in Blue Jackets zone.
10:32 of 2nd period - Snap shot by Maxim Lapierre.
10:32 of 2nd period - Goal by Maxim Lapierre - Red Wings : 3 - Blue Jackets : 3.
10:33 of 2nd period - Pavel Datsyuk wins face-off versus Nick Bjugstad in neutral zone.
11:12 of 2nd period - Snap shot by Peter Mueller.
11:12 of 2nd period - Stopped by James Reimer with a rebound.
11:22 of 2nd period - Mike Comrie is hit by Adam Henrique.
11:52 of 2nd period - Slapshot by Alex Picard.
11:52 of 2nd period - Shot Misses the Net.
11:54 of 2nd period - Wrist shot by Tomas Kopecky.
11:54 of 2nd period - Stopped by Rick DiPietro without a rebound.
11:55 of 2nd period - Pavel Datsyuk wins face-off versus Nick Bjugstad in Blue Jackets zone.
12:20 of 2nd period - Martin Havlat is hit by Jiri Fischer and loses puck.
12:47 of 2nd period - Devin Setoguchi is hit by Connor Brown and loses puck.
13:13 of 2nd period - Slapshot by Mike Comrie.
13:13 of 2nd period - Shot Misses the Net.
13:19 of 2nd period - Wrist shot by Andreas Nodl.
13:19 of 2nd period - Shot Misses the Net.
13:53 of 2nd period - Wrist shot by David Krejci.
13:53 of 2nd period - Stopped by Rick DiPietro without a rebound.
13:54 of 2nd period - David Krejci wins face-off versus Peter Mueller in Blue Jackets zone.
14:55 of 2nd period - Michael Haley is hit by Dalton Prout and loses puck.
15:20 of 2nd period - Wrist shot by Alex Picard.
15:20 of 2nd period - Shot Blocked by Dalton Prout.
15:38 of 2nd period - Snap shot by Adam Henrique.
15:38 of 2nd period - Goal by Adam Henrique - Red Wings : 4 - Blue Jackets : 3.
15:39 of 2nd period - Pavel Datsyuk wins face-off versus Mike Richards in neutral zone.
16:06 of 2nd period - Cam Fowler is hit by Karl Alzner and loses puck.
16:11 of 2nd period - Wrist shot by Tomas Kopecky.
16:11 of 2nd period - Deflect By Alex Picard.
16:11 of 2nd period - Shot Misses the Net.
16:11 of 2nd period - Puck is out of play.
16:12 of 2nd period - Peter Mueller wins face-off versus Nick Bjugstad in Blue Jackets zone.
16:12 of 2nd period - Peter Mueller is hit by Nick Bjugstad.
16:46 of 2nd period - Minor Penalty to Branislav Mezei for Elbowing.
16:47 of 2nd period - Mike Richards wins face-off versus Artemi Panarin in Blue Jackets zone.
17:22 of 2nd period - Snap shot by Alex Picard.
17:22 of 2nd period - Stopped by Rick DiPietro without a rebound.
17:23 of 2nd period - Adam Henrique wins face-off versus Artemi Panarin in Blue Jackets zone.
17:24 of 2nd period - Slapshot by Connor Brown.
17:24 of 2nd period - Stopped by Rick DiPietro with a rebound.
17:26 of 2nd period - Slapshot by Ole-Kristian Tollefsen.
17:26 of 2nd period - Deflect By Adam Henrique.
17:26 of 2nd period - Shot Misses the Net.
17:26 of 2nd period - Puck is out of play.
17:27 of 2nd period - Adam Henrique wins face-off versus Artemi Panarin in Blue Jackets zone.
18:02 of 2nd period - A.J Thelen is hit by Ole-Kristian Tollefsen.
18:28 of 2nd period - Wrist shot by Andreas Nodl.
18:28 of 2nd period - Shot Blocked by Ole-Kristian Tollefsen.
18:46 of 2nd period - Penalty to Branislav Mezei is over, Branislav Mezei is back on ice.
18:53 of 2nd period - Snap shot by Martin Havlat.
18:53 of 2nd period - Shot Misses the Net.
Goals for this period are 4 for Red Wings vs 0 for Blue Jackets.
Shots for this period are 16 for Red Wings vs 7 for Blue Jackets.

3rd period


0:01 of 3rd period - Artemi Panarin wins face-off versus Adam Henrique in neutral zone.
0:26 of 3rd period - Devin Setoguchi is hit by Nick Bjugstad and loses puck.
0:35 of 3rd period - Snap shot by Tomas Kopecky.
0:35 of 3rd period - Shot Misses the Net.
0:37 of 3rd period - Snap shot by Tomas Kopecky.
0:37 of 3rd period - Stopped by Rick DiPietro with a rebound.
0:53 of 3rd period - Wrist shot by Carson Mcmillan.
0:53 of 3rd period - Shot Blocked by Andreas Nodl.
0:57 of 3rd period - Slapshot by Philip Samuelsson.
0:57 of 3rd period - Stopped by Rick DiPietro without a rebound.
0:58 of 3rd period - Pavel Datsyuk wins face-off versus Mike Richards in Blue Jackets zone.
2:28 of 3rd period - Karl Alzner is hit by Branislav Mezei and loses puck.
2:33 of 3rd period - Wrist shot by Cody Eakin.
2:33 of 3rd period - Stopped by James Reimer without a rebound.
2:34 of 3rd period - Mike Richards wins face-off versus Tyler Kennedy in Red Wings zone.
2:41 of 3rd period - Snap shot by Cody Eakin.
2:41 of 3rd period - Shot Blocked by Ryan O'Byrne.
2:43 of 3rd period - Wrist shot by Cody Eakin.
2:43 of 3rd period - Deflect By Philip Samuelsson.
2:43 of 3rd period - Shot Misses the Net.
2:43 of 3rd period - Puck is out of play.
2:44 of 3rd period - Artemi Panarin wins face-off versus Mike Richards in Red Wings zone.
3:28 of 3rd period - Snap shot by Adam Henrique.
3:28 of 3rd period - Shot Misses the Net.
3:30 of 3rd period - Wrist shot by Adam Henrique.
3:30 of 3rd period - Goal by Adam Henrique - Red Wings : 5 - Blue Jackets : 3.
3:31 of 3rd period - Nick Bjugstad wins face-off versus Pavel Datsyuk in neutral zone.
4:57 of 3rd period - Slapshot by Pavel Datsyuk.
4:57 of 3rd period - Shot Blocked by Maxim Lapierre.
5:11 of 3rd period - Chris Kelly is hit by Max Pacioretty and loses puck.
5:20 of 3rd period - Wrist shot by Max Pacioretty.
5:20 of 3rd period - Stopped by James Reimer without a rebound.
5:21 of 3rd period - Pavel Datsyuk wins face-off versus Nick Bjugstad in Red Wings zone.
5:48 of 3rd period - Jiri Fischer is hit by Max Pacioretty and loses puck.
5:55 of 3rd period - Snap shot by Devin Setoguchi.
5:55 of 3rd period - Shot Misses the Net.
5:57 of 3rd period - Backhand shot by Rob Scuderi.
5:57 of 3rd period - Goal by Rob Scuderi - Red Wings : 5 - Blue Jackets : 4.
5:58 of 3rd period - Nick Bjugstad wins face-off versus Pavel Datsyuk in neutral zone.
6:50 of 3rd period - Ole-Kristian Tollefsen is hit by Andreas Nodl and loses puck.
6:55 of 3rd period - Snap shot by Andreas Nodl.
6:55 of 3rd period - Shot Misses the Net.
7:07 of 3rd period - Cody Eakin is hit by Karl Alzner and loses puck.
7:12 of 3rd period - Wrist shot by Carson Mcmillan.
7:12 of 3rd period - Stopped by Rick DiPietro without a rebound.
7:13 of 3rd period - Nick Bjugstad wins face-off versus Pavel Datsyuk in Blue Jackets zone.
7:45 of 3rd period - Wrist shot by Connor Brown.
7:45 of 3rd period - Stopped by Rick DiPietro with a rebound.
7:47 of 3rd period - Slapshot by Adam Henrique.
7:47 of 3rd period - Stopped by Rick DiPietro with a rebound.
8:03 of 3rd period - Wrist shot by Mike Comrie.
8:03 of 3rd period - Stopped by James Reimer with a rebound.
8:10 of 3rd period - Off-side.
8:11 of 3rd period - Nick Bjugstad wins face-off versus Pavel Datsyuk in neutral zone.
8:43 of 3rd period - Adam Henrique is hit by Devin Setoguchi and loses puck.
8:49 of 3rd period - Anton Volchenkov is hit by Max Pacioretty and loses puck.
8:56 of 3rd period - Double Minor Penalty to Devin Setoguchi for Roughing.
8:57 of 3rd period - Artemi Panarin wins face-off versus Mike Richards in Blue Jackets zone.
9:12 of 3rd period - Wrist shot by Connor Brown.
9:12 of 3rd period - Stopped by Rick DiPietro without a rebound.
9:13 of 3rd period - Nick Bjugstad wins face-off versus Artemi Panarin in Blue Jackets zone.
9:36 of 3rd period - Slapshot by Ole-Kristian Tollefsen.
9:36 of 3rd period - Shot Misses the Net.
9:38 of 3rd period - Slapshot by Karl Alzner.
9:38 of 3rd period - Stopped by Rick DiPietro without a rebound.
9:39 of 3rd period - Mike Richards wins face-off versus Artemi Panarin in Blue Jackets zone.
9:40 of 3rd period - Slapshot by Adam Henrique.
9:40 of 3rd period - Shot Misses the Net.
9:42 of 3rd period - Snap shot by Connor Brown.
9:42 of 3rd period - Stopped by Rick DiPietro without a rebound.
9:43 of 3rd period - Artemi Panarin wins face-off versus Mike Richards in Blue Jackets zone.
10:10 of 3rd period - Snap shot by Mike Richards.
10:10 of 3rd period - Shot Hit the Post.
10:12 of 3rd period - Snap shot by Adam Henrique.
10:12 of 3rd period - Goal by Adam Henrique - Red Wings : 6 - Blue Jackets : 4.
10:13 of 3rd period - Mike Richards wins face-off versus Artemi Panarin in neutral zone.
10:22 of 3rd period - Mike Richards is hit by Derek Boogaard and loses puck.
12:12 of 3rd period - Penalty to Devin Setoguchi is over, Devin Setoguchi is back on ice.
13:09 of 3rd period - Snap shot by Peter Mueller.
13:09 of 3rd period - Shot Misses the Net.
13:11 of 3rd period - Snap shot by Devin Setoguchi.
13:11 of 3rd period - Shot Blocked by Anton Volchenkov.
13:59 of 3rd period - Ryan O'Byrne is hit by Peter Mueller and loses puck.
14:10 of 3rd period - Icing by Max Pacioretty.
14:11 of 3rd period - Nick Bjugstad wins face-off versus Martin Havlat in Blue Jackets zone.
14:16 of 3rd period - Wrist shot by Tomas Kopecky.
14:16 of 3rd period - Shot Blocked by Cam Fowler.
14:20 of 3rd period - Wrist shot by Nick Bjugstad.
14:20 of 3rd period - Shot Misses the Net.
14:22 of 3rd period - Slapshot by Nick Bjugstad.
14:22 of 3rd period - Shot Misses the Net.
14:24 of 3rd period - Slapshot by Ryan O'Byrne.
14:24 of 3rd period - Shot Misses the Net.
14:26 of 3rd period - Slapshot by Nick Bjugstad.
14:26 of 3rd period - Shot Misses the Net.
14:47 of 3rd period - Cam Fowler is hit by Petr Pohl and loses puck.
15:05 of 3rd period - Max Pacioretty is hit by David Krejci and loses puck.
15:14 of 3rd period - Wrist shot by David Krejci.
15:14 of 3rd period - Shot Misses the Net.
15:16 of 3rd period - Backhand shot by Chris Kelly.
15:16 of 3rd period - Stopped by Rick DiPietro with a rebound.
15:34 of 3rd period - Wrist shot by David Krejci.
15:34 of 3rd period - Shot Misses the Net.
15:38 of 3rd period - Slapshot by Chris Kelly.
15:38 of 3rd period - Stopped by Rick DiPietro without a rebound.
15:39 of 3rd period - Mike Richards wins face-off versus Mike Comrie in Blue Jackets zone.
17:00 of 3rd period - Branislav Mezei is hit by Alex Picard and loses puck.
18:15 of 3rd period - Wrist shot by Andreas Nodl.
18:15 of 3rd period - Stopped by James Reimer with a rebound.
18:23 of 3rd period - Derek Boogaard is hit by Alex Picard.
18:33 of 3rd period - A.J Thelen is hit by David Krejci.
18:53 of 3rd period - Dalton Prout is hit by Mike Richards and loses puck.
19:01 of 3rd period - Icing by A.J Thelen.
19:02 of 3rd period - Nick Bjugstad wins face-off versus Peter Mueller in Blue Jackets zone.
19:51 of 3rd period - Minor Penalty to Cam Fowler for Tripping.
19:52 of 3rd period - Artemi Panarin wins face-off versus Mike Richards in Blue Jackets zone.
Goals for this period are 2 for Red Wings vs 1 for Blue Jackets.
Shots for this period are 12 for Red Wings vs 5 for Blue Jackets.